Map: Odyssey LE

Players

Stats

  • Race: Protoss Protoss
  • Spawn Location: 5:00

Rogue - Winner!

  • Race: Zerg Zerg
  • Spawn Location: 11:00

Event: IEM Season 12 - Shanghai

VOD

Have the link to the VOD?

Description

Time

  • Played on: July 27, 2017, 12:49 a.m.
  • Length: 5:21

All games in this series

Show
View Real Time Build Order
Export as new Build Order

Stats Protoss 

Build Orders: Nexus First 

Get SALT Encoding   

  12  0:00  Probe (Chrono Boost)  
  13  0:11  Probe (Chrono Boost)  
  14  0:18  Pylon  
  14  0:22  Probe (Chrono Boost)  
  15  0:36  Probe (Chrono Boost)  
  16  0:47  Probe (Chrono Boost)  
  17  0:57  Nexus  
  17  1:07  Gateway  
  17  1:10  Probe (Chrono Boost)  
  18  1:15  Assimilator  
  18  1:21  Probe (Chrono Boost)  
  18  1:23  Assimilator  
  19  1:31  Probe (Chrono Boost)  
  20  1:33  Pylon  
  20  1:42  Probe (Chrono Boost)  
  21  1:52  Probe (Chrono Boost)  
  22  1:54  Cybernetics Core  
  22  1:57  Zealot  
  24  2:03  Probe (Chrono Boost)  
  25  2:09  Probe (Chrono Boost)  
  25  2:13  Probe (Chrono Boost)  
  27  2:20  Probe (Chrono Boost)  
  28  2:24  Probe (Chrono Boost)  
  28  2:29  Probe (Chrono Boost)  
  29  2:31  Adept (Chrono Boost), Stargate  
  32  2:39  Probe x2  
  34  2:49  Probe  
  34  2:51  Probe  
  38  3:01  Probe  
  38  3:03  Probe  
  40  3:09  Robotics Facility  
  40  3:12  Mothership Core  
  38  3:22  Gateway, Pylon  
  38  3:24  Gateway  
  21  3:50  Probe (Chrono Boost)  
  21  3:51  Probe (Chrono Boost)  
  20  3:58  Immortal (Chrono Boost)  
  23  4:07  Probe  
  23  4:11  Probe  
  26  4:17  Sentry  
  26  4:23  Zealot  
  28  4:32  Pylon  
Show
View Real Time Build Order
Export as new Build Order

Rogue Zerg - Winner!

Build Orders: Hatch First, Cheese, Ravager All-In 

Get SALT Encoding   

  12  0:00  Drone  
  13  0:12  Overlord  
  13  0:16  Drone  
  14  0:31  Drone  
  14  0:32  Drone  
  16  0:50  Hatchery  
  16  0:53  Drone  
  16  1:08  Spawning Pool  
  15  1:11  Drone  
  15  1:14  Drone  
  17  1:18  Drone  
  18  1:26  Extractor  
  18  1:27  Drone  
  18  1:35  Drone  
  19  1:42  Extractor  
  18  1:49  Drone  
  19  1:55  Roach Warren  
  19  1:58  Drone  
  19  2:02  Zergling x2, Queen  
  19  2:06  Overlord  
  22  2:31  Overlord  
  22  2:35  Roach x2  
  22  2:36  Roach  
  28  2:46  Roach  
  28  2:49  Overlord  
  30  2:58  Ravager x2  
  32  3:00  Roach  
  32  3:03  Ravager  
  34  3:06  Zergling x2  
  34  3:08  Zergling x2  
  34  3:11  Zergling x2  
  37  3:17  Zergling x2  
  38  3:23  Ravager  
  39  3:32  Queen  
  41  3:37  Zergling x2  
  41  3:40  Zergling x2  
  32  3:49  Roach  
  32  3:53  Roach  
  36  3:57  Roach  
  38  4:05  Roach  
  37  4:11  Ravager  
  38  4:19  Roach  
  40  4:28  Zergling x4  
  41  4:41  Roach  
  41  4:42  Ravager, Overlord  
  43  4:48  Ravager  
  43  4:50  Zergling x2  
  45  4:53  Zergling x2  
  45  5:01  Ravager  
  45  5:03  Zergling x4  

Tags
 
Add a new tag
Caveats
  • Supply blocks, unpowered buildings, or Contaminate may cause inaccurate times.
  • Supply counts are checked every 10 seconds.